 Dungeon Crawl Stone Soup version 0.31-a0-37-g98a128e1d9 (webtiles) character file.

Game seed: 2323136608779207400

277 sircluck the Ruffian (level 6, -5/61 HPs)
             Began as a Troll Berserker on May 15, 2023.
             Was a Priest of Trog.
             Slain by a hobgoblin
             ... wielding a +0 morningstar
              (13 damage)
             ... on level 4 of the Dungeon.
             The game lasted 00:02:04 (2429 turns).

sircluck the Ruffian (Troll Berserker)              Turns: 2429, Time: 00:02:06

Health: -5/61      AC:  4    Str: 28    XL:     6   Next: 4%
Magic:  5/5        EV: 10    Int:  3    God:    Trog [***...]
Gold:   193        SH:  0    Dex:  9    Spells: 5/5 levels left

rFire   . .          .
                       - Unarmed
rCold   . . .        (no shield)
rNeg    . . .        a - +0 animal skin
rPois   .            (helmet restricted)
rElec   .            (no cloak)
rCorr   .            (gloves unavailable)
SInv    .            (boots unavailable)
Will    .....        (no amulet)
Stlth   +            (no ring)
HPRegen 1.10/turn    (no ring)
MPRegen 0.09/turn

%: no passive effects
@: no status effects
A: large, unfitting armour, claws 3, regeneration 1, shaggy fur 1, tough skin 1
a: Renounce Religion, Berserk, Trog's Hand


You were on level 4 of the Dungeon.
You worshipped Trog.
Trog was most pleased with you.
You visited 1 branch of the dungeon, and saw 4 of its levels.

You collected 193 gold pieces.

Inventory:

Missiles
 e - 6 silver javelins (quivered)
 j - 17 stones
Armour
 a - a +0 animal skin (worn)
 i - a +0 cloak
Jewellery
 m - a ring of fire
 n - a ring of protection from fire
Wands
 k - a wand of flame (2)
Scrolls
 b - 3 scrolls of identify {unknown}
 c - a scroll of noise {unknown}
 f - 2 scrolls of immolation {unknown}
 g - a scroll of teleportation {unknown}
 h - a scroll of vulnerability {unknown}
 l - a scroll of enchant weapon {unknown}
Potions
 d - 2 potions of might {unknown}


   Skills:
 + Level 3.1 Fighting
 + Level 3.3 Dodging
 + Level 0.3 Stealth
 + Level 5.5 Unarmed Combat


You had 5 spell levels left.
You didn't know any spells.
Your spell library was empty.

Dungeon Overview and Level Annotations

Branches:
Dungeon (4/15)
 Temple: D:4-7

Altars:
Okawaru
Ru


Innate Abilities, Weirdness & Mutations

You are too large for most types of armour.
You have claws for hands.
Your natural rate of healing is unusually fast.
You are covered in fur. (AC +1)
You have tough skin. (AC +1)


Message History

You are engulfed in a cloud of soporific spores!
You fall asleep.
The sleepcap releases spores at you!
You wake up.
You are engulfed in a cloud of soporific spores!
You are unaffected.
The hobgoblin hits you with a +0 morningstar!
* * * LOW HITPOINT WARNING * * *
You are too injured to fight recklessly!
There are monsters nearby!
You are too injured to fight recklessly!
Unknown command.
There are monsters nearby!
You are too injured to fight recklessly!
Unknown command.
There are monsters nearby!
You are too injured to fight recklessly!
Unknown command.
There are monsters nearby!
Unknown command.
You are too injured to fight recklessly!
There are monsters nearby!
Unknown command.
You are too injured to fight recklessly!
Unknown command.
There are monsters nearby!
You are too injured to fight recklessly!
There are monsters nearby!
You are too injured to fight recklessly!
Unknown command.
There are monsters nearby!
You are too injured to fight recklessly!
Unknown command.
You claw the sleepcap!
The sleepcap is moderately damaged.
The sleepcap releases spores at you.
* * * LOW HITPOINT WARNING * * *
You are engulfed in a cloud of soporific spores!
You are unaffected.
The hobgoblin hits you with a +0 morningstar!
You die...

#.# .. ....... #.# ...
....... #.#####.#.#
....... #.##...[#.##
....... #.##........
....... ###..#..##....
....... #.............
......f####.##..#.#.....
...J..†@..#.##....#.....
......g.....###.<.......
............# ###.##....
.###.......## #.##....
#.......# #.##....
#.[.....# #.##....
##############.......
#...........#
#......####..


You could see a sleepcap, a jelly and a hobgoblin.

Vanquished Creatures
  Sigmund (D:4)
  Robin (D:2)
  3 adders
  3 dart slugs
  7 orcs (D:3)
  2 ball pythons
  3 endoplasms
  7 giant cockroaches
  11 goblins
  8 hobgoblins
  5 jackals
  3 quokkas
  3 bats
  4 frilled lizards
  5 kobolds
  7 rats
73 creatures vanquished.

Notes
Turn   | Place    | Note
-------+----------+-------------------------------------------
     0 | D:1      | sircluck the Troll Berserker began the quest for the Orb.
     0 | D:1      | Reached XP level 1. HP: 22/22 MP: 0/0
   108 | D:1      | Reached XP level 2. HP: 29/29 MP: 1/1
   692 | D:1      | Reached ** piety under Trog
   872 | D:1      | Reached XP level 3. HP: 36/36 MP: 2/2
  1018 | D:2      | Noticed Robin
  1029 | D:2      | Killed Robin
  1084 | D:2      | Reached XP level 4. HP: 45/45 MP: 3/3
  1095 | D:2      | Reached skill level 4 in Unarmed Combat
  1158 | D:2      | Found an iron altar of Okawaru.
  1171 | D:2      | Identified the +5 mace of the Many Runes {elec, Str+5}
  1693 | D:3      | Found a sacrificial altar of Ru.
  1817 | D:3      | Reached *** piety under Trog
  2298 | D:4      | Noticed Sigmund
  2307 | D:4      | Killed Sigmund
  2308 | D:4      | Reached skill level 5 in Unarmed Combat
  2308 | D:4      | Reached XP level 5. HP: 47/53 MP: 4/4
  2309 | D:4      | Reached XP level 6. HP: 55/61 MP: 5/5
  2429 | D:4      | Slain by a hobgoblin

Illustrated notes

Levels and vault maps discovered:
D:1:      dpeg_arrival_arbitrary_c, layout_loops_ring
D:2:      layout_rooms, basic_altar, minivault_26, uniq_robin
D:3:      layout_loops_corners, nicolae_ru_path_of_blood, serial_park_tiny_2
D:4:      layout_basic, nicolae_hepliaklqana_ecumenical_no_more, uniq_sigmund,
          uniq_grinder

Skill      XL: |  1  2  3  4 |
---------------+-------------+-----
Fighting       | 3 |  3.1
Unarmed Combat | 5 |  5.5
Dodging        | 3 |  3.3
Stealth        | |  0.3

Action                     |  1- 3 |  4- 6 || total
---------------------------+-------+-------++-------
  Melee: Unarmed           |    97 |    76 ||   173
         Punch             |       |     3 ||     3
 Armour: Animal skin       |    37 |    19 ||    56
  Dodge: Dodged            |    51 |    33 ||    84

Table legend: (Time is in decaauts)
 A = Elapsed time spent in this place.
 B = Non-inter-level travel time spent in this place.
 C = Inter-level travel time spent in this place.
 D = Time resting spent in this place.
 E = Time spent auto-exploring this place.
 F = Levels seen in this place.
 G = Mean time per level.
                   A        B        C        D        E       F      G
               +--------+--------+--------+--------+--------+-----+--------+
         Total |   2416 |   2175 |    241 |      0 |   1720 |   4 |  604.0 |
       Dungeon |   2416 |   2175 |    241 |      0 |   1720 |   4 |  604.0 |
               +--------+--------+--------+--------+--------+-----+--------+

Top non-repeatable levels by time:
     D:1: 990 daAuts
     D:3: 875 daAuts
     D:2: 408 daAuts
     D:4: 142 daAuts
